cohdb
Replays
Latest Replays
All Replays
Popular Replays
Top Player Replays
Match Explorer
How It Works
Community
CoH3 Stats
Reddit
Sign in to upload your games and track your stats! →
Sign in with Steam
Match 42192752
Unlisted
Match 42192752
Overview
Messages
Build Orders
End
Construct Section Command Post
Selects Heavy Armor Battlegroup
Vickers Machine Gun Team
ML 3-inch Mortar Team
Dingo Light Scout Car
Infantry Section
Construct Platoon Command Post
Selects Rigorous Vehicle Training
Selects Forward Repair Assembly
Construct Company Command Post
Royal Engineer Section
Crusader II Medium Tank
Crusader II Medium Tank
Construct Field Infirmary
Royal Engineer Section
Crusader II Medium Tank
Selects Churchill Black Prince Heavy Tank
Churchill Black Prince Heavy Tank
Crusader II Medium Tank
Selects Light Vehicle Withdraw and Refit
Crusader II Medium Tank
Crusader II Medium Tank
kostinn304
Halghery
MURDOC
Thrax
fervela99
Call Me ET
TIRINGA
Jd577
0
0
Comments
sign in to comment!
No comments posted yet!